 Dungeon Crawl Stone Soup version 0.22-a0-362-g535178c (webtiles) character file.

16870 Amnesiac the Reanimator (level 12, -2/84 HPs)
             Began as a Mummy Necromancer on Apr 20, 2018.
             Was an Elder of Sif Muna.
             Shot with an arrow by a centaur (11 damage)
             ... on level 13 of the Dungeon.
             The game lasted 00:31:14 (18069 turns).

Amnesiac the Reanimator (Mummy Necromancer)        Turns: 18069, Time: 00:31:15

Health: -2/84      AC:  8    Str:  9 (12) XL:     12   Next: 13%
Magic:  3/27       EV: 16    Int: 19      God:    Sif Muna [****..]
Gold:   246        SH:  0    Dex: 17      Spells: 10/34 levels left

rFire    x . .     SeeInvis .   l - +1 rapier of the Philosopher {drain, Dex+5}
rCold    + . .     Gourm    .   (no shield)
rNeg     + + +     Faith    .   B - +0 robe {Archmagi}
rPois    ∞         Spirit   .   g - +0 helmet
rElec    .         Reflect  .   c - +0 cloak
rCorr    .         Harm     .   v - +2 pair of gloves
MR       +....                  n - +0 pair of boots
Stlth    +++.......             p - amulet of regeneration
HPRegen  0.64/turn              t - ring of flight
MPRegen  0.20/turn              s - ring of stealth

@: divine energy
A: no food or potions, fire vulnerability, cold resistance 1, negative energy
resistance 3, torment resistance, unbreathing
a: Stop Divine Energy, Channel Magic, Forget Spell, Renounce Religion, Evoke
Flight


You were on level 13 of the Dungeon.
You worshipped Sif Muna.
Sif Muna was greatly pleased with you.
You were not hungry.

You visited 2 branches of the dungeon, and saw 14 of its levels.
You also visited: Labyrinth and Sewer.

You collected 717 gold pieces.
You spent 471 gold pieces at shops.

Inventory:

Hand Weapons
 b - a +2 falchion of flaming
 k - a +0 blowgun
 l - the +1 rapier of the Philosopher (weapon) {drain, Dex+5}
   (You found it on level 4 of the Dungeon)

   A truly terrible weapon, it drains the life of those it strikes.
   It affects your dexterity (+5).
 u - a +0 hunting sling
 y - the +1 whip of Psychosis {venom, rN++ Str+7}
   (You found it on level 6 of the Dungeon)

   It poisons the flesh of those it strikes.
   It affects your strength (+7).
   It greatly protects you from negative energy.
 G - the +7 great mace "Firestarter" {inner flame, rF++}
   (You found it in a labyrinth)

   It has been specially enchanted to burn those struck by it, causing extra
   injury to most foes and up to half again as much damage against particularly
   susceptible opponents.
   It greatly protects you from fire.
 J - a +0 fustibalus
Missiles
 e - 2 throwing nets (quivered)
 f - 366 stones
 r - 116 sling bullets
Armour
 c - a +0 cloak (worn)
 g - a +0 helmet (worn)
 n - a +0 pair of boots (worn)
 v - a +2 pair of gloves (worn)
 B - a +0 robe of the Archmagi (worn)
 H - a +3 leather armour of fire resistance
 I - a +0 buckler
Jewellery
 p - an amulet of regeneration (around neck)
 s - a ring of stealth (right hand)
 t - a ring of flight (left hand)
 z - a +3 amulet of reflection
Wands
 h - a wand of flame (53)
 i - a wand of acid (16)
 A - a wand of polymorph (31)
 C - a wand of paralysis (12)
 D - a wand of random effects (27)
 E - a wand of clouds (4)
 F - a wand of enslavement (25)
Scrolls
 a - 6 scrolls of identify {!r}
 d - 6 scrolls of teleportation {!r}
 j - 2 scrolls of magic mapping {!r}
 m - 3 scrolls of blinking {!r}
 o - 8 scrolls of amnesia {!r}
 q - a scroll of fog {!r}
 w - 4 scrolls of remove curse {!r}
 x - a scroll of vulnerability {!r}


   Skills:
 - Level 4.6 Fighting
 - Level 6.0 Dodging
 - Level 1.5 Stealth
 + Level 11.7 Spellcasting
 * Level 13.1 Necromancy
 + Level 7.8 Invocations


You had 10 spell levels left.
You knew the following spells:

 Your Spells              Type           Power        Failure   Level  Hunger
a - Bolt of Draining      Conj/Necr      ######....   12%         5    N/A
b - Poisonous Vapours     Pois/Air       ###...       10%         2    N/A
c - Pain                  Necr           ####         1%          1    N/A
d - Borgnjor's Vile Clut  Necr/Erth      ######....   12%         5    N/A
e - Dispel Undead         Necr           #######.     1%          5    N/A
f - Vampiric Draining     Necr           #######...   1%          3    N/A
s - Conjure Flame         Conj/Fire      ###.....     19%         3    N/A

Dungeon Overview and Level Annotations

Branches:
Dungeon (13/15)            Temple (1/1) D:6            Lair (0/6) D:9
    Orc (0/2) D:9
 Vaults: D:13-14

Altars:
Ashenzari
Cheibriados
Dithmenos
Elyvilon
Fedhas
Gozag
Hepliaklqana
Kikubaaqudgha
Makhleb
Nemelex Xobeh
Okawaru
Qazlal
Ru
Sif Muna
Trog
Uskayaw
Vehumet
Wu Jian
Xom
Yredelemnul
Zin
The Shining One

Shops:
D:8 [[[(   D:12 [


Innate Abilities, Weirdness & Mutations

You do not eat or drink.
Your flesh is vulnerable to fire.
You are immune to poison.
Your flesh is cold resistant. (rC+)
You are immune to negative energy. (rN+++)
You are immune to unholy pain and torment.
You can survive without breathing.


Message History

Aiming: Bolt of Draining (safe; 12% risk of failure)
Press: ? - help, Shift-Dir - straight line, f/p - necromancer
Aim: a necromancer, wielding a dagger and wearing a robe You feel a surge of power!
The bolt of negative energy hits the necromancer.
The necromancer is drained!
The necromancer is severely wounded.
The bolt of negative energy hits the necromancer.
The necromancer is drained!
The necromancer is severely wounded.
The centaur shouts!
The centaur moves out of view.
The centaur shoots an arrow.
The arrow misses you.
The necromancer mumbles some strange words.
The necromancer binds the souls of nearby monsters.
The centaur moves out of view.
A centaur comes into view.
The centaur shouts!
A centaur warrior comes into view.
Unknown command.
Casting: Bolt of Draining (safe; 12% risk of failure)
Confirm with . or Enter, or press ? or * to list all spells.
Aiming: Bolt of Draining (safe; 12% risk of failure)
Press: ? - help, Shift-Dir - straight line, f - necromancer
Aim: a necromancer, wielding a dagger and wearing a robe (severely wounded, lightly drained)
You feel a surge of power!
The bolt of negative energy hits the necromancer.
The necromancer is drained!
You kill the necromancer!
Sif Muna accepts your kill.
The centaur shoots an arrow.
The arrow hits you.
The centaur wields a shortbow.
The centaur shoots an arrow.
The arrow completely misses you.
The centaur wields a shortbow.
The centaur shoots an arrow.
The arrow hits you!
A centaur comes into view.
Unknown command.
Casting: Bolt of Draining (safe; 12% risk of failure)
Confirm with . or Enter, or press ? or * to list all spells.
Aiming: Bolt of Draining (safe; 12% risk of failure)
Press: ? - help, Shift-Dir - straight line, f - necromancer
Aim: a necromancer, wielding a dagger and wearing a robe (severely wounded, lightly drained, bound soul)
You feel a surge of power!
You miscast Bolt of Draining.
Sif Muna protects you from the effects of your miscast!
The centaur moves out of view.
The centaur shoots an arrow.
The arrow completely misses you.
The necromancer points at you and mumbles some strange words.
The bolt of fire hits you! The fire burns you terribly!
Ouch! That really hurt!
* * * LOW HITPOINT WARNING * * *
A human comes into view.
Casting: Bolt of Draining (safe; 12% risk of failure)
Confirm with . or Enter, or press ? or * to list all spells.
Aiming: Bolt of Draining (safe; 12% risk of failure)
Press: ? - help, Shift-Dir - straight line, f/p - necromancer
Aim: a necromancer, wielding a dagger and wearing a robe (severely wounded, lightly drained, bound soul)
You feel a surge of power!
The bolt of negative energy misses the necromancer.
The bolt of negative energy hits the centaur warrior.
The centaur warrior is drained!
The centaur warrior is heavily wounded.
The human shouts!
You hear a shout! x2
The centaur shoots an arrow.
The arrow hits you!
* * * LOW HITPOINT WARNING * * *
The centaur shoots an arrow.
The arrow hits you!
You die... ########. #@.....c. #p......... pc).......... ..cc#.######### ... #. .. #. . #

You could see a centaur warrior, a necromancer, a human and 3 centaurs.

Vanquished Creatures
  A minotaur (Lab)
  A two-headed ogre (D:9)
  A wizard (D:7)
  An unseen horror (D:10)
  2 orc sorcerers (D:7)
  A necromancer (D:13)
  A cyclops (D:11)
  2 ugly things (D:11)
  A moth of wrath (D:8)
  3 centaur zombies (D:12)
  Maurice (D:12)
  A gargoyle (D:12)
  A kobold demonologist (D:12)
  A komodo dragon (D:9)
  A hydra zombie (D:11)
  A troll (D:9)
  A shadow (D:11)
  2 vampires (D:11)
  2 wraiths
  7 yaks
  4 hogs (D:7)
  A human (D:7)
  A basilisk (D:12)
  3 wyverns
  A hungry ghost (D:10)
  2 acid dragons
  A water moccasin (D:12)
  2 two-headed ogre zombies
  Duvessa (D:6)
  5 orc warriors
  3 ice beasts
  3 black bears
  2 necrophages
  3 phantoms
  An eye of draining (D:11)
  2 sky beasts
  5 ogres
  An elf skeleton (D:11)
  6 centaurs
  2 crocodiles
  2 hippogriff zombies
  2 big kobolds
  A wyvern zombie (D:10)
  4 bullfrogs
  Dowan (D:6)
  4 scorpions
  A troll zombie (D:11)
  3 wights (D:11)
  2 electric eels (D:3)
  2 howler monkeys
  4 bullfrog zombies
  3 crimson imps
  A quasit (D:10)
  4 bullfrog skeletons
  5 hounds
  A kobold zombie (D:12)
  A jelly (D:10)
  19 orc wizards
  A soldier ant zombie (D:11)
  A basilisk skeleton (D:12)
  13 orc priests
  5 centaur skeletons
  4 iguanas
  7 worker ants
  Natasha (thrice) (D:4)
  2 crocodile zombies (D:10)
  A necrophage skeleton (D:10)
  An ogre zombie (D:10)
  A hound zombie (D:6)
  4 hound skeletons
  Robin (D:2)
  6 worker ant zombies
  13 adders
  11 gnolls
  2 howler monkey skeletons
  4 shadow imps
  2 oozes (D:1)
  A worm zombie (D:11)
  An adder zombie (D:11)
  5 orc zombies
  An adder skeleton (D:11)
  3 orc skeletons
  9 worms
  A dart slug (D:2)
  8 leopard geckos
  53 orcs
  8 bats
  A bat skeleton (D:12)
  A bat zombie (D:7)
  6 giant cockroaches
  17 goblins
  9 hobgoblins
  12 jackals
  20 kobolds
  4 quokkas
  2 ball pythons
  6 frilled lizards
  A frilled lizard skeleton (D:10)
  A hobgoblin zombie (D:11)
  2 jackal zombies (D:10)
  2 leopard gecko zombies
  A quokka skeleton (D:5)
  14 rats
  A plant (D:9)
413 creatures vanquished.

Vanquished Creatures (others)
  An orc wizard (D:7)
1 creature vanquished.

Grand Total: 414 creatures vanquished

Notes
Turn   | Place    | Note
-------+----------+-------------------------------------------
     0 | D:1      | Amnesiac the Mummy Necromancer began the quest for the Orb.
     0 | D:1      | Reached XP level 1. HP: 13/13 MP: 4/4
    24 | D:2      | Reached XP level 2. HP: 19/19 MP: 0/6
   224 | D:1      | Reached XP level 3. HP: 24/24 MP: 0/8
   229 | D:1      | Learned a level 3 spell: Vampiric Draining
   601 | D:3      | Reached XP level 4. HP: 30/30 MP: 5/10
   681 | D:3      | You fall through a shaft!
   684 | D:4      | Noticed Natasha
   710 | D:4      | Reached skill level 5 in Necromancy
   717 | D:4      | Noticed a phantom
   733 | D:5      | Entered Level 5 of the Dungeon
   879 | D:4      | Killed Natasha
   879 | D:4      | Reached XP level 5. HP: 28/35 MP: 8/12
   879 | D:4      | Noticed Natasha
   888 | D:4      | Killed Natasha
   888 | D:4      | Reached skill level 5 in Spellcasting
   956 | D:4      | Noticed Natasha
   959 | D:4      | Got a transparent rapier
   960 | D:4      | Identified the +1 rapier of the Philosopher {drain, Dex+5} (You found it on level 4 of the Dungeon)
   963 | D:4      | Killed Natasha
  1045 | D:4      | Killed a phantom
  1045 | D:4      | Reached XP level 6. HP: 27/41 MP: 6/14
  1054 | D:4      | Found a white marble altar of Elyvilon.
  1144 | D:4      | Reached skill level 6 in Necromancy
  1218 | D:4      | Found a glowing drain.
  1222 | Sewer    | Entered a sewer
  1297 | Sewer    | Reached skill level 1 in Fighting
  1572 | D:4      | Reached XP level 7. HP: 29/49 MP: 14/16
  1676 | D:4      | Found a shadowy altar of Dithmenos.
  1774 | D:4      | Found a glowing golden altar of the Shining One.
  1986 | D:5      | Found an ancient bone altar of Kikubaaqudgha.
  1995 | D:5      | Became a worshipper of Kikubaaqudgha
  2099 | D:2      | Found a faded altar of an unknown god.
  2332 | D:1      | Reached * piety under Kikubaaqudgha
  2332 | D:1      | Identified Kikubaaqudgha's Collected Works on Evil Magic (Kikubaaqudgha gifted it to you on level 1 of the Dungeon)
  2332 | D:1      | Received a gift from Kikubaaqudgha
  3048 | D:2      | Noticed Robin
  3104 | D:2      | Killed Robin
  3107 | D:2      | Reached ** piety under Kikubaaqudgha
  3325 | D:2      | You fall through a shaft!
  3325 | D:3      | Found a shimmering altar of Xom.
  3510 | D:3      | Found an ancient bone altar of Kikubaaqudgha.
  3510 | D:3      | Found an opulent altar of Gozag.
  3633 | D:3      | Found a transporter.
  3663 | D:3      | Found a transporter.
  4333 | D:5      | Reached XP level 8. HP: 58/58 MP: 17/17
  4338 | D:5      | Found a burning altar of Makhleb.
  4388 | D:5      | Reached skill level 5 in Dodging
  4740 | D:6      | Found a staircase to the Ecumenical Temple.
  4745 | Temple   | Entered the Ecumenical Temple
  5093 | D:6      | Found a shattered altar of Ashenzari.
  5107 | D:6      | Reached *** piety under Kikubaaqudgha
  5107 | D:6      | Identified Kikubaaqudgha's Incunabulum of Unholy Magic (Kikubaaqudgha gifted it to you on level 6 of the Dungeon)
  5107 | D:6      | Received a gift from Kikubaaqudgha
  5109 | D:6      | Fell from the grace of Kikubaaqudgha
  5168 | Temple   | Became a worshipper of Sif Muna the Loreminder
  5369 | D:6      | Got a pitted whip
  5370 | D:6      | Identified the +1 whip of Psychosis {venom, rN++ Str+7} (You found it on level 6 of the Dungeon)
  5401 | D:6      | Noticed Duvessa
  5401 | D:6      | Noticed Dowan
  5430 | D:6      | Killed Duvessa
  5446 | D:6      | Killed Dowan
  5446 | D:6      | Reached skill level 1 in Invocations
  6274 | D:7      | Noticed an orc sorcerer
  6275 | D:7      | Noticed a wizard
  6276 | D:7      | Noticed an orc sorcerer
  6276 | D:7      | Noticed a sun demon
  6277 | D:7      | Noticed a red devil
  6344 | D:7      | Reached skill level 7 in Necromancy
  6344 | D:7      | Reached XP level 9. HP: 42/66 MP: 17/19
  6445 | D:7      | Learned a level 5 spell: Dispel Undead
  6451 | D:7      | Learned a level 5 spell: Bolt of Draining
  6681 | D:7      | Reached skill level 8 in Necromancy
  6691 | D:7      | Reached * piety under Sif Muna
  6796 | D:7      | Paralysed by a wizard for 2 turns
  6798 | D:7      | Killed a wizard
  7082 | D:8      | Found Zecovoz's Weapon Shoppe.
  7093 | D:8      | Found Netiw's Armour Shoppe.
  7107 | D:8      | Bought a +4 ring mail of fire resistance for 372 gold pieces
  7413 | D:8      | Found Xymekea's Antique Armour Emporium.
  7419 | D:8      | Bought a cloak for 99 gold pieces
  7424 | D:8      | Found a sparkling altar of Nemelex Xobeh.
  7424 | D:8      | Found a blossoming altar of Fedhas.
  7424 | D:8      | Found a hide-covered altar of Uskayaw.
  7424 | D:8      | Found a snail-covered altar of Cheibriados.
  7641 | D:8      | Found Qiacy's Armour Boutique.
  7671 | D:8      | Reached skill level 9 in Necromancy
  7757 | D:8      | Found Xisugit's Antique Armour Shoppe.
  7830 | D:8      | Noticed a moth of wrath
  7833 | D:8      | Found a bloodstained altar of Trog.
  8411 | D:7      | Killed an orc sorcerer
  8411 | D:7      | Reached XP level 10. HP: 45/73 MP: 22/22
  8541 | D:7      | Paralysed by an orc sorcerer for 7 turns
  8550 | D:7      | Noticed a soul eater
  8555 | D:7      | Killed an orc sorcerer
  8692 | D:9      | Noticed a two-headed ogre
  8864 | D:9      | Killed a two-headed ogre
  8864 | D:9      | Reached ** piety under Sif Muna
  8864 | D:9      | Reached skill level 10 in Necromancy
  8864 | D:9      | Reached skill level 5 in Invocations
  9079 | D:9      | Found a staircase to the Orcish Mines.
  9095 | D:9      | Got a jet-encrusted ring mail
  9201 | D:9      | Found a staircase to the Lair.
 10019 | D:10     | Entered Level 10 of the Dungeon
 10485 | D:9      | Reached skill level 11 in Necromancy
 11353 | D:10     | Reached skill level 10 in Spellcasting
 11846 | D:10     | Reached XP level 11. HP: 78/78 MP: 19/25
 12152 | D:10     | Killed an unseen horror
 12152 | D:10     | Reached *** piety under Sif Muna
 12398 | D:10     | Identified the +1 ring mail of the Swan {MR+} (You found it on level 9 of the Dungeon)
 12440 | D:11     | Found a labyrinth entrance.
 12693 | Lab      | Entered a labyrinth
 13530 | Lab      | Noticed a minotaur
 13555 | Lab      | Killed a minotaur
 13579 | Lab      | Found the +7 great mace "Firestarter" {inner flame, rF++}
 13862 | D:11     | Noticed a reaper
 13883 | D:11     | Noticed a brown ugly thing
 14368 | D:11     | Reached skill level 12 in Necromancy
 14476 | D:10     | Noticed a reaper
 14538 | D:11     | Reached **** piety under Sif Muna
 14875 | D:11     | Learned a level 2 spell: Poisonous Vapours
 14879 | D:11     | Learned a level 3 spell: Conjure Flame
 15085 | D:11     | Noticed a white ugly thing
 15091 | D:11     | Killed a white ugly thing
 15125 | D:11     | Killed a brown ugly thing
 17264 | D:12     | Reached XP level 12. HP: 84/84 MP: 8/27
 17433 | D:12     | Found Valenlidgh's Armour Emporium.
 17699 | D:12     | Noticed Maurice
 17701 | D:12     | Killed Maurice
 17701 | D:12     | Reached skill level 13 in Necromancy
 17811 | D:12     | Learned a level 5 spell: Borgnjor's Vile Clutch
 17819 | D:12     | Was forgiven by Kikubaaqudgha
 18067 | D:13     | Noticed a centaur warrior
 18069 | D:13     | Shot with an arrow by a centaur

Vault maps used:
D:1:      minmay_arrival_jagged
D:2:      chequers_ecumenical_altar_simple, grunt_ministairs_9,
          nrook_loot_triangle, cheibrodos_gnoll_hut, uniq_robin
D:3:      gammafunk_steamed_eel, grunt_temple_overflow_open,
          nicolae_overflow_crystal_walls, kennysheep_flooded_box
D:4:      old_standard_altar, overflow_temple_1_default,
          nicolae_tso_swordbearing_angel, gup_sewer_entry_bowl, first_ration,
          uniq_natasha
D:5:      kennysheep_little_box, basic_altar
D:6:      cheibrodos_ashenzari_chains, minmay_temple_entry_grid, uniq_duvessa
D:7:      cheibrodos_wizards_tower, grunt_livestock
D:8:      chequers_temple_overflow_statue_of_worship, serial_shops, shop, shop,
          shop_statue, nicolae_shop_competitors_out_of_business, shop, tgw_trog
D:9:      david_lair_shrubbed, orc_0_dummy
D:10:     minmay_misc_feat_encased
D:11:     lab_entry_generic
D:12:     serial_shops, nicolae_shop_trees, uniq_maurice
D:13:     grunt_vaults_entry_tiered
Temple:   dpeg_chambers_temple
Lab:      labyrinth_mini_lab
Sewer:    sewer_big_baddie

Skill      XL: |  1  2  3  4  5  6  7  8  9 10 11 12 |
---------------+-------------------------------------+-----
Spellcasting   | 3 4 5 6 8 10 11 | 11.7
Necromancy     | 5 6 7 9 11 12 13 | 13.1
Fighting       | 1 3 4 |  4.6
Dodging        | 3 4 6 |  6.0
Invocations    | 2 4 6 7 |  7.8
Stealth        | |  1.5

Action                   |  1- 3 |  4- 6 |  7- 9 | 10-12 || total
-------------------------+-------+-------+-------+-------++-------
Melee: Unarmed           |     1 |       |       |       ||     1
       Trident           |       |     9 |       |       ||     9
       Rapier            |       |    32 |   829 |   394 ||  1255
 Cast: Pain              |    45 |    61 |    16 |     9 ||   131
       Vampiric Draining |     1 |    11 |     8 |    26 ||    46
       Dispel Undead     |       |       |     2 |    86 ||    88
       Bolt of Draining  |       |       |       |   122 ||   122
       Poisonous Vapours |       |       |       |     9 ||     9
       Borgnjor's Vile C |       |       |       |     1 ||     1
Invok: Renounce Religion |       |       |     1 |       ||     1
       Divine Energy     |       |       |     1 |       ||     1
Evoke: Wand              |       |    10 |    22 |       ||    32
  Use: Scroll            |     1 |     5 |     7 |     1 ||    14
 Stab: Sleeping          |       |     1 |     5 |     1 ||     7
       Distracted        |       |       |     1 |     2 ||     3
Armor: Robe              |     2 |     8 |       |    28 ||    38
       Ring mail         |       |       |   201 |   103 ||   304
       Leather armour    |       |       |   153 |    11 ||   164
       Troll leather arm |       |       |       |   190 ||   190
       Acid dragon scale |       |       |       |    11 ||    11
Dodge: Dodged            |    24 |    48 |   688 |   641 ||  1401

Table legend:
 A = Spawn XP
 B = Non-spawn XP
 C = Spawn XP percentage of total XP
 D = Spawn monster count
 E = Non-spawn monster count
 F = Spawn count percentage of total count
 G = Total turns spent on level
                    A         B        C        D         E        F      G
               +---------+---------+-------+---------+---------+-------+---------
         Total |       0 |   24101 |   0.0 |       0 |     368 |   0.0 | 18069
               +---------+---------+-------+---------+---------+-------+---------
           D:1 |       0 |      56 |   0.0 |       0 |      27 |   0.0 |   798
           D:2 |       0 |     190 |   0.0 |       0 |      44 |   0.0 |  1030
           D:3 |       0 |     185 |   0.0 |       0 |      23 |   0.0 |   973
           D:4 |       0 |     581 |   0.0 |       0 |      33 |   0.0 |   957
           D:5 |       0 |     557 |   0.0 |       0 |      22 |   0.0 |   837
           D:6 |       0 |     746 |   0.0 |       0 |      22 |   0.0 |  1259
           D:7 |       0 |    3503 |   0.0 |       0 |      29 |   0.0 |  1205
           D:8 |       0 |    1092 |   0.0 |       0 |      17 |   0.0 |  1806
           D:9 |       0 |    3119 |   0.0 |       0 |      23 |   0.0 |  1098
          D:10 |       0 |    2664 |   0.0 |       0 |      33 |   0.0 |  2703
          D:11 |       0 |    5392 |   0.0 |       0 |      46 |   0.0 |  2676
          D:12 |       0 |    4017 |   0.0 |       0 |      40 |   0.0 |  1467
          D:13 |       0 |     602 |   0.0 |       0 |       1 |   0.0 |   106
        Temple |       0 |       3 |   0.0 |       0 |       1 |   0.0 |   151
           Lab |       0 |    1277 |   0.0 |       0 |       1 |   0.0 |   890
         Sewer |       0 |     117 |   0.0 |       0 |       6 |   0.0 |   113
               +---------+---------+-------+---------+---------+-------+---------
